Map: Oxide LE

Players

Serral - Winner!

  • Race: Zerg Zerg

MaxPax

  • Race: Protoss Protoss

Event: DreamHack SC2 Masters 2021 Fall

VOD

Have the link to the VOD?

Description

Time

  • Played on: Aug. 10, 2021, 11:08 a.m.
  • Length: 30:29

All games in this series

Show
View Real Time Build Order
Export as new Build Order

Serral Zerg - Winner!

Build Orders: Hatch First, Brood Lord Corruptor 

Get SALT Encoding   

  12  0:00  Drone  
  13  0:11  Overlord  
  13  0:16  Drone  
  14  0:30  Drone x2  
  16  0:44  Drone  
  17  0:53  Hatchery, Drone  
  18  0:57  Drone  
  18  1:07  Extractor  
  17  1:12  Spawning Pool  
  17  1:16  Drone  
  17  1:19  Drone  
  18  1:27  Drone  
  19  1:38  Drone  
  20  1:49  Overlord  
  20  1:59  Queen  
  22  2:04  Queen  
  22  2:05  Zergling x4  
  26  2:10  Drone  
  26  2:12  Metabolic Boost  
  28  2:15  Drone  
  28  2:21  Drone  
  29  2:27  Drone  
  30  2:35  Queen  
  32  2:42  Hatchery  
  32  2:44  Drone  
  32  2:47  Drone  
  32  2:50  Overlord  
  33  2:53  Drone  
  33  2:55  Drone  
  35  2:58  Drone  
  35  3:05  Overlord  
  36  3:11  Queen, Drone  
  40  3:12  Drone  
  40  3:15  Drone  
  40  3:17  Drone  
  42  3:21  Drone x2  
  42  3:24  Drone  
  45  3:27  Queen  
  45  3:31  Overlord  
  45  3:33  Drone  
  48  3:37  Overlord  
  48  3:42  Overlord  
  48  3:50  Drone  
  48  3:53  Spore Crawler, Drone x4  
  48  3:54  Drone  
  53  3:59  Zergling x2, Spore Crawler  
  53  4:01  Drone x2  
  54  4:04  Drone  
  54  4:05  Drone  
  54  4:06  Drone  
  57  4:14  Zergling x2  
  57  4:15  Overlord  
  58  4:18  Zergling x2, Drone x4  
  58  4:21  Drone  
  62  4:25  Zergling x2  
  62  4:28  Queen  
  62  4:30  Zergling x2  
  66  4:36  Drone x2  
  66  4:37  Drone  
  69  4:38  Roach Warren  
  69  4:41  Spore Crawler  
  69  4:43  Drone  
  69  4:44  Drone x3  
  71  4:47  Zergling x2  
  71  4:48  Overlord  
  71  4:50  Drone x2  
  71  4:51  Drone  
  75  4:54  Drone x2  
  75  4:58  Lair, Extractor  
  76  5:01  Drone  
  76  5:02  Drone x2  
  76  5:06  Zergling x2  
  79  5:07  Drone x2  
  81  5:14  Overlord  
  81  5:15  Extractor  
  81  5:16  Extractor x2, Drone x3  
  81  5:17  Drone  
  81  5:20  Extractor, Queen  
  81  5:21  Queen  
  85  5:23  Zergling x2  
  85  5:25  Drone  
  85  5:27  Overlord  
  88  5:28  Drone x2  
  88  5:29  Drone  
  88  5:32  Overlord  
  90  5:35  Overlord  
  90  5:42  Hatchery  
  87  5:44  Drone x4  
  87  5:46  Drone x2  
  92  5:52  Drone  
  92  5:55  Overlord  
  92  5:56  Spore Crawler  
  92  6:00  Spire  
  92  6:02  Queen  
  92  6:03  Queen  
  95  6:07  Glial Reconstitution  
  95  6:10  Evolution Chamber  
  94  6:11  Infestation Pit  
  94  6:12  Queen  
  95  6:21  Zergling x4  
  95  6:22  Zergling x8  
  95  6:23  Drone x4  
  103  6:27  Drone x2  
  103  6:28  Drone  
  103  6:31  Overlord  
  103  6:32  Overlord  
  106  6:34  Overlord  
  106  6:36  Extractor  
  106  6:37  Zerg Melee Weapons Level 1  
  106  6:38  Extractor, Drone  
  105  6:42  Drone  
  105  6:43  Drone x2  
  105  6:44  Overlord  
  105  6:45  Overlord  
  108  6:48  Overlord  
  108  6:54  Overseer  
  108  6:55  Overlord  
  106  7:13  Spore Crawler  
  105  7:17  Zerg Flyer Weapons Level 1  
  105  7:22  Mutalisk x12  
  119  7:23  Mutalisk  
  119  7:24  Mutalisk  
  133  7:31  Hive  
  133  7:34  Drone x5  
  138  7:41  Overlord  
  138  7:43  Drone x7  
  145  7:48  Baneling Nest  
  144  7:56  Hatchery  
  143  8:01  Roach x5  
  143  8:03  Drone, Evolution Chamber  
  153  8:07  Roach x3  
  153  8:10  Overlord  
  159  8:17  Roach x5  
  169  8:24  Drone  
  169  8:25  Drone x7  
  174  8:31  Extractor  
  174  8:32  Extractor  
  168  8:42  Adrenal Glands  
  168  8:43  Ultralisk Cavern  
  168  8:46  Viper x4  
  161  9:08  Zergling x14, Zerg Ground Armor Level 1, Zerg Missile Weapons Level 1  
  159  9:11  Corruptor x3  
  159  9:13  Queen x5  
  159  9:15  Greater Spire  
  175  9:21  Drone x6  
  175  9:23  Overlord  
  181  9:34  Drone x7  
  181  9:35  Drone x6  
  194  9:42  Overlord  
  194  9:45  Corruptor x2  
  194  9:49  Chitinous Plating  
  198  9:54  Spore Crawler x2  
  198  9:55  Spore Crawler x2  
  198  9:56  Spore Crawler x3  
  198  9:58  Corruptor x2  
  192  10:01  Corruptor  
  194  10:10  Corruptor x2  
  198  10:25  Corruptor  
  198  10:28  Zerg Flyer Armor Level 1  
  198  10:30  Spire  
  195  10:36  Spore Crawler x3  
  195  10:37  Spore Crawler, Corruptor x5  
  188  10:58  Brood Lord x6  
  188  11:01  Spore Crawler  
  188  11:02  Spore Crawler, Drone x4  
  194  11:05  Spine Crawler x2  
  194  11:06  Spore Crawler, Drone x3  
  194  11:07  Spore Crawler, Spine Crawler  
  194  11:09  Spine Crawler, Pneumatized Carapace  
  194  11:10  Overseer x2  
  187  11:12  Corruptor x2  
  187  11:14  Zergling x12  
  187  11:18  Zergling x4  
  199  11:21  Anabolic Synthesis  
  199  11:24  Zerg Ground Armor Level 2  
  199  11:32  Drone  
  200  11:38  Spore Crawler  
  200  11:39  Spore Crawler x2  
  197  11:41  Zergling x6, Spore Crawler  
  197  11:42  Zergling x2  
  197  11:43  Spore Crawler x3  
  197  11:44  Spore Crawler x2, Centrifical Hooks  
  197  11:46  Spore Crawler  
  194  11:49  Baneling x6  
  194  12:02  Drone x6  
  200  12:08  Zerg Melee Weapons Level 2  
  200  12:15  Spore Crawler  
  200  12:19  Pathogen Glands  
  200  12:22  Spore Crawler  
  198  12:23  Spore Crawler  
  198  12:24  Spore Crawler x3, Corruptor x3  
  200  12:30  Spine Crawler  
  200  12:33  Hatchery  
  200  12:35  Drone x2  
  200  12:36  Spore Crawler  
  199  12:37  Spore Crawler  
  199  12:39  Spore Crawler  
  197  12:48  Zergling x6  
  200  12:54  Overseer  
  200  12:55  Burrow  
  200  12:57  Zergling x4  
  199  13:16  Neural Parasite  
  192  13:33  Corruptor x2  
  198  13:40  Zergling x24  
  200  13:50  Baneling x4, Zerg Ground Armor Level 3, Zerg Flyer Weapons Level 2  
  200  13:51  Zerg Flyer Armor Level 2  
  200  13:55  Spore Crawler x3  
  197  13:56  Spore Crawler  
  197  13:58  Spore Crawler  
  197  13:59  Viper, Spore Crawler x2  
  197  14:00  Infestor x2  
  197  14:01  Spore Crawler  
  199  14:04  Baneling x3  
  199  14:05  Zergling x2  
  196  14:36  Zergling x12  
  197  14:40  Zergling x2  
  197  14:41  Zergling x2  
  195  14:50  Corruptor x2, Brood Lord  
  199  14:52  Overseer  
  199  14:54  Zergling x2  
  200  15:09  Spore Crawler  
  200  15:10  Spore Crawler x3  
  200  15:11  Spore Crawler  
  200  15:12  Spore Crawler x2  
  187  15:23  Drone x4  
  187  15:25  Spore Crawler  
  187  15:26  Spore Crawler x2, Drone x2  
  187  15:28  Overseer, Ultralisk  
  196  15:31  Zerg Missile Weapons Level 2  
  196  15:50  Extractor x2  
  196  15:52  Overseer  
  189  16:23  Brood Lord  
  189  16:24  Corruptor x3, Brood Lord  
  199  16:25  Spore Crawler  
  199  16:26  Spore Crawler x2  
  199  16:28  Zerg Melee Weapons Level 3  
  196  16:33  Infestor x2  
  200  16:42  Spine Crawler  
  200  16:43  Spine Crawler  
  200  16:44  Drone x2  
  200  16:45  Spine Crawler  
  185  17:38  Corruptor x4  
  185  17:40  Zergling x14  
  198  18:11  Corruptor x3  
  200  18:13  Spore Crawler  
  200  18:14  Spore Crawler  
  200  18:16  Spore Crawler, Baneling x2  
  200  18:17  Baneling x4  
  197  18:45  Zergling x2  
  197  18:46  Zergling x4  
  200  18:49  Zerg Flyer Weapons Level 3, Zerg Flyer Armor Level 3  
  199  19:00  Zergling x12  
  200  19:25  Zerg Missile Weapons Level 3  
  200  19:26  Baneling x7  
  199  19:59  Zergling x2  
  191  20:21  Zergling x2  
  191  20:22  Zergling x12  
  200  20:31  Infestor  
  200  20:37  Baneling  
  200  20:38  Baneling  
  200  20:48  Overseer  
  200  20:53  Overlord  
  200  20:56  Spore Crawler  
  197  20:57  Spore Crawler x2  
  197  20:58  Spore Crawler  
  194  21:06  Zergling x14  
  194  21:10  Infestor  
  200  21:17  Brood Lord x2  
  197  21:44  Zergling x4  
  199  21:54  Viper  
  193  22:10  Zergling x12  
  198  22:26  Zergling x4  
  198  22:31  Zergling x2  
  199  22:58  Infestor  
  198  23:13  Hatchery  
  198  23:19  Infestor  
  197  23:35  Zergling x4  
  198  23:59  Zergling x2  
  198  24:00  Zergling x2  
  187  24:32  Ultralisk x2  
  192  24:46  Viper x2  
  190  25:12  Ultralisk x2  
  199  25:15  Hatchery  
  199  25:17  Extractor  
  193  25:34  Ultralisk  
  198  25:59  Extractor  
  183  26:11  Viper x3  
  188  26:21  Corruptor x7  
  194  26:43  Corruptor  
  194  26:44  Corruptor x7  
  200  26:51  Spore Crawler  
  200  26:52  Spore Crawler  
  200  26:53  Spore Crawler  
  200  26:54  Spore Crawler  
  196  26:58  Drone, Infestor x2  
  200  27:05  Spore Crawler x2  
  200  27:06  Spore Crawler  
  200  27:07  Spore Crawler  
  196  27:12  Spore Crawler, Corruptor x2  
  197  27:36  Zergling x2  
  197  27:37  Zergling x18  
  200  27:38  Overseer  
  197  27:44  Overlord x2  
  197  27:47  Hatchery  
  196  28:00  Spore Crawler  
  196  28:01  Spore Crawler  
  196  28:02  Spore Crawler  
  191  28:13  Corruptor x4  
  197  28:40  Corruptor x2  
  197  28:52  Corruptor  
  197  28:57  Corruptor  
  197  28:58  Corruptor  
  197  29:16  Drone x2, Corruptor  
  179  30:07  Drone  
Show
View Real Time Build Order
Export as new Build Order

MaxPax Protoss 

Build Orders: 1 Gate Expand, Oracle Opening, Carriers 

Get SALT Encoding   

  12  0:00  Probe  
  13  0:12  Probe  
  14  0:19  Pylon  
  14  0:25  Probe  
  15  0:37  Probe (Chrono Boost)  
  15  0:39  Gateway  
  16  0:48  Probe (Chrono Boost)  
  16  0:49  Assimilator  
  17  0:53  Probe (Chrono Boost)  
  18  1:04  Probe  
  19  1:16  Probe  
  20  1:25  Nexus  
  20  1:37  Cybernetics Core  
  20  1:40  Probe  
  20  1:44  Assimilator  
  21  1:52  Probe  
  22  1:55  Pylon  
  22  2:04  Probe (Chrono Boost)  
  23  2:13  Adept  
  25  2:16  Probe (Chrono Boost)  
  25  2:18  Stargate  
  26  2:23  Probe (Chrono Boost)  
  26  2:27  Warp Gate  
  27  2:33  Probe (Chrono Boost)  
  28  2:37  Probe (Chrono Boost)  
  28  2:43  Adept  
  32  2:47  Probe x2 (Chrono Boost)  
  33  2:52  Probe (Chrono Boost)  
  33  2:53  Void Ray (Chrono Boost)  
  33  2:55  Probe  
  35  3:04  Probe  
  40  3:07  Probe  
  40  3:08  Pylon  
  41  3:16  Probe  
  41  3:17  Gateway  
  41  3:19  Probe  
  43  3:26  Oracle (Chrono Boost)  
  43  3:28  Probe  
  43  3:31  Probe  
  48  3:40  Probe  
  49  3:43  Probe  
  49  3:48  Nexus  
  50  3:52  Probe  
  50  3:54  Pylon  
  52  3:55  Probe  
  52  4:01  Assimilator  
  52  4:04  Assimilator  
  52  4:05  Probe  
  52  4:08  Void Ray (Chrono Boost)  
  52  4:09  Probe  
  54  4:16  Shield Battery  
  58  4:19  Probe  
  58  4:22  Protoss Air Weapons Level 1  
  58  4:23  Probe  
  60  4:31  Forge  
  60  4:32  Probe  
  60  4:34  Pylon  
  60  4:35  Probe  
  60  4:36  Stargate  
  62  4:47  Void Ray  
  62  4:51  Assimilator  
  62  4:52  Probe (Chrono Boost)  
  64  4:53  Probe (Chrono Boost)  
  64  4:56  Assimilator  
  68  5:00  Probe (Chrono Boost)  
  68  5:04  Probe (Chrono Boost)  
  68  5:06  Probe (Chrono Boost)  
  71  5:11  Probe (Chrono Boost)  
  71  5:12  Shield Battery  
  71  5:13  Probe (Chrono Boost)  
  74  5:14  Probe (Chrono Boost)  
  74  5:17  Void Ray, Probe (Chrono Boost)  
  74  5:19  Probe (Chrono Boost)  
  74  5:20  Pylon, Probe  
  76  5:26  Probe  
  82  5:31  Void Ray  
  82  5:32  Robotics Facility  
  82  5:37  Probe  
  84  5:43  Probe  
  84  5:44  Probe  
  84  5:49  Probe  
  87  5:50  Photon Cannon  
  87  5:53  Pylon  
  87  5:56  Probe  
  89  6:01  Probe  
  89  6:02  Stargate  
  90  6:05  Photon Cannon  
  90  6:06  Adept x2  
  90  6:08  Pylon, Fleet Beacon  
  93  6:16  Probe x2  
  95  6:18  Pylon  
  91  6:33  Photon Cannon  
  91  6:34  Observer  
  91  6:35  Robotics Bay  
  92  6:52  Pylon  
  104  6:55  Nexus, Carrier x2 (Chrono Boost)  
  104  6:59  Photon Cannon  
  103  7:02  Photon Cannon  
  103  7:04  Shield Battery  
  103  7:05  Pylon, Carrier (Chrono Boost)  
  109  7:10  Probe x3  
  112  7:15  Photon Cannon  
  112  7:21  Twilight Council  
  112  7:25  Protoss Air Weapons Level 2 (Chrono Boost)  
  112  7:26  Shield Battery, Disruptor  
  112  7:28  Probe  
  112  7:29  Flux Vanes, Probe  
  117  7:34  Probe  
  118  7:40  Photon Cannon, Probe  
  118  7:41  Probe  
  120  7:47  Protoss Ground Weapons Level 1  
  120  7:50  Probe  
  120  7:51  Assimilator  
  121  7:53  Assimilator  
  121  7:55  Phoenix x3 (Chrono Boost)  
  126  8:02  Photon Cannon  
  126  8:05  Photon Cannon  
  126  8:10  Probe  
  126  8:12  Photon Cannon  
  125  8:14  Probe  
  125  8:15  Probe x2  
  125  8:22  Probe  
  125  8:25  Disruptor, Void Ray x2  
  125  8:26  Probe  
  130  8:27  Probe x2  
  137  8:34  Probe  
  137  8:37  Void Ray  
  137  8:38  Probe  
  143  8:50  Probe  
  143  8:53  Probe  
  144  9:02  Zealot x2  
  147  9:07  Probe x3  
  146  9:12  Pylon, Gateway, Charge  
  146  9:16  Gateway  
  146  9:17  Gateway  
  146  9:18  Templar Archives  
  146  9:22  Gateway, Probe x2  
  146  9:24  Pylon  
  148  9:28  Photon Cannon  
  148  9:29  Photon Cannon  
  148  9:30  Probe, Immortal (Chrono Boost)  
  153  9:39  Carrier (Chrono Boost)  
  153  9:42  Carrier (Chrono Boost)  
  162  9:52  Photon Cannon  
  162  9:54  Pylon  
  162  10:06  Observer (Chrono Boost)  
  163  10:11  Protoss Air Weapons Level 3  
  163  10:13  Nexus  
  160  10:15  Pylon  
  160  10:18  Gateway  
  160  10:21  Gateway  
  160  10:23  Gateway  
  160  10:26  Gateway  
  166  10:32  Nexus  
  166  10:33  Pylon  
  166  10:34  Carrier (Chrono Boost)  
  166  10:47  Void Ray  
  166  10:48  Void Ray, Zealot x6  
  176  11:02  Mothership (Chrono Boost)  
  179  11:04  Probe x2 (Chrono Boost)  
  179  11:08  Photon Cannon  
  179  11:10  Protoss Ground Weapons Level 2 (Chrono Boost)  
  180  11:11  Photon Cannon, Probe (Chrono Boost)  
  180  11:13  Shield Battery  
  180  11:18  Immortal (Chrono Boost)  
  180  11:24  Psionic Storm, Void Ray  
  184  11:27  Photon Cannon  
  188  11:36  Pylon  
  188  11:38  Pylon  
  188  11:45  High Templar x3  
  194  11:50  Observer, Zealot x2  
  194  11:53  Pylon  
  195  12:07  Pylon  
  200  12:08  Photon Cannon  
  200  12:13  Assimilator  
  195  12:16  High Templar x2  
  195  12:20  Archon  
  199  12:56  High Templar x2  
  195  12:59  Protoss Air Armor Level 1 (Chrono Boost)  
  195  13:00  Photon Cannon  
  195  13:01  Photon Cannon, High Templar x2  
  195  13:03  Photon Cannon  
  199  13:05  Photon Cannon  
  199  13:07  Pylon, Archon  
  197  13:22  Zealot x2  
  185  13:35  Zealot x4  
  185  13:40  High Templar  
  182  13:45  Probe  
  182  13:47  Tempest (Chrono Boost)  
  196  13:52  High Templar  
  200  13:56  Tempest (Chrono Boost)  
  200  13:58  Photon Cannon  
  200  13:59  Tempest (Chrono Boost)  
  200  14:00  Assimilator, Photon Cannon x3  
  200  14:01  Pylon  
  200  14:03  Photon Cannon  
  200  14:05  Photon Cannon  
  200  14:09  Protoss Ground Weapons Level 3 (Chrono Boost)  
  187  14:35  Tempest (Chrono Boost)  
  187  14:36  Tempest (Chrono Boost)  
  189  14:49  Photon Cannon, Gateway, Carrier (Chrono Boost)  
  189  14:50  Photon Cannon, Gateway  
  189  14:53  Gateway  
  181  15:09  Photon Cannon  
  181  15:11  Photon Cannon, Protoss Air Armor Level 2 (Chrono Boost)  
  181  15:13  Zealot x2  
  182  15:29  Unknown  
  182  15:33  Carrier (Chrono Boost)  
  182  15:40  Mothership (Chrono Boost)  
  200  15:43  Carrier (Chrono Boost)  
  198  16:03  Photon Cannon  
  198  16:05  Photon Cannon  
  198  16:06  Photon Cannon  
  198  16:08  Photon Cannon  
  198  16:10  Shield Battery  
  198  16:12  Observer  
  198  16:31  Observer  
  199  16:32  Observer (Chrono Boost)  
  199  16:33  Gravitic Boosters (Chrono Boost)  
  198  17:09  Observer  
  197  17:23  Void Ray x2  
  197  17:36  High Templar  
  197  17:37  High Templar x2  
  183  17:41  High Templar x5  
  183  17:42  High Templar  
  197  17:45  Archon x3  
  197  18:00  Oracle (Chrono Boost)  
  195  18:17  Tempest (Chrono Boost)  
  199  18:24  Blink (Chrono Boost)  
  199  18:26  Protoss Shields Level 1  
  199  18:43  Protoss Air Armor Level 3 (Chrono Boost)  
  199  19:23  Photon Cannon, Dark Shrine  
  199  19:25  Photon Cannon  
  199  19:27  Photon Cannon  
  199  19:29  Photon Cannon  
  199  19:31  Shield Battery  
  199  19:33  Photon Cannon  
  199  19:35  Photon Cannon x2  
  198  19:50  Void Ray (Chrono Boost)  
  198  19:56  Void Ray (Chrono Boost)  
  198  19:59  Carrier (Chrono Boost)  
  198  20:19  Void Ray (Chrono Boost)  
  194  20:23  Void Ray (Chrono Boost)  
  194  20:30  Nexus  
  194  20:31  Pylon  
  195  21:08  Tempest  
  196  21:30  Void Ray x2  
  199  21:44  Photon Cannon  
  199  21:45  Photon Cannon  
  199  22:06  Photon Cannon  
  199  22:07  Shield Battery  
  199  22:09  Photon Cannon  
  197  22:18  Photon Cannon x2  
  197  22:19  Nexus  
  197  22:20  Photon Cannon  
  197  22:21  Pylon  
  197  22:24  Assimilator  
  197  22:26  Assimilator, Void Ray  
  193  22:30  Protoss Shields Level 2 (Chrono Boost)  
  189  22:53  Pylon  
  186  23:01  Zealot x3  
  186  23:15  Shield Battery  
  186  23:16  Shield Battery  
  186  23:20  Shield Battery  
  186  23:23  Photon Cannon  
  186  23:24  Shield Battery  
  186  23:26  Photon Cannon, Void Ray x3  
  186  23:28  Shield Battery  
  186  23:31  Shield Battery  
  186  23:33  Shield Battery  
  189  24:08  Zealot  
  189  24:09  Zealot x2  
  191  24:10  Probe x4  
  191  24:11  Probe  
  191  24:16  Pylon  
  194  24:19  Pylon  
  194  24:24  Mothership  
  194  24:26  Void Ray  
  194  24:28  Void Ray  
  186  24:36  Void Ray  
  194  24:44  High Templar x2  
  196  24:53  High Templar  
  194  25:08  Zealot x3  
  198  25:17  High Templar x2  
  196  25:30  Oracle  
  195  26:09  Photon Cannon  
  195  26:10  Photon Cannon  
  189  26:12  Shield Battery  
  189  26:14  Shield Battery  
  189  26:15  High Templar  
  191  26:28  Void Ray  
  191  26:32  High Templar x2  
  199  26:53  Stalker x2  
  195  27:19  Observer  
  195  27:25  Dark Templar x2  
  199  27:32  Oracle (Chrono Boost)  
  199  27:35  Void Ray (Chrono Boost)  
  200  27:51  Observer (Chrono Boost)  
  196  28:10  Void Ray x2 (Chrono Boost)  
  196  28:11  Void Ray (Chrono Boost)  

Tags
 
Add a new tag
Caveats
  • Supply blocks, unpowered buildings, or Contaminate may cause inaccurate times.
  • Supply counts are checked every 10 seconds.